 Dungeon Crawl Stone Soup version 0.28-a0-984-g3775c662fe (webtiles) character file.

Game seed: 9489675122452579483

4481 bearlyready the Impaler (level 10, -3/72 HPs)
             Began as a Merfolk Fighter on Dec 4, 2021.
             Was a Follower of Hepliaklqana.
             Slain by a phantasmal warrior (19 damage)
             ... on level 2 of the Abyss.
             The game lasted 00:13:34 (9353 turns).

bearlyready the Impaler (Merfolk Fighter)           Turns: 9353, Time: 00:13:34

Health: -3/72      AC: 13    Str: 21    XL:     10   Next: 38%
Magic:  10/10      EV: 10    Int:  8    God:    Hepliaklqana [*.....]
Gold:   346        SH:  9    Dex: 13    Spells: 9/9 levels left

rFire   + . .      SeeInvis +   a - +0 trident
rCold   . . .      Faith    .   c - +0 buckler
rNeg    + . .      Spirit   .   F - +4 ring mail {rF+}
rPois   .          Reflect  +   h - +0 helmet
rElec   .          Harm     .   i - +1 cloak
rCorr   .          Rampage  .   G - +0 pair of gloves
Will    .....                   (no boots)
Stlth   +.........              D - amulet of reflection
HPRegen 0.22/turn               I - ring of positive energy
MPRegen 0.12/turn               l - ring of see invisible

@: about to teleport, weak-willed
A: reduced essence, (nimble swimmer 2), mertail
a: Renounce Religion, Recall Ancestor, Ancestor Identity


You were on level 2 of the Abyss.
You worshipped Hepliaklqana.
Hepliaklqana was aware of your devotion.
You visited 2 branches of the dungeon, and saw 9 of its levels.
You visited the Abyss 1 time.
You also visited: Sewer.

You collected 346 gold pieces.

Inventory:

Hand Weapons
 a - a +0 trident (weapon)
 g - a +2 vorpal spear
 q - a +1 vampiric spear
Missiles
 e - 211 stones (quivered)
 w - 59 poisoned darts
 C - 23 sling bullets
 J - 7 boomerangs
 L - 3 javelins
Armour
 b - a +0 scale mail
 c - a +0 buckler (worn)
 f - a +2 cloak
 h - a +0 helmet (worn)
 i - a +1 cloak (worn)
 F - a +4 ring mail of fire resistance (worn)
 G - a +0 pair of gloves (worn)
Jewellery
 d - an amulet of the acrobat
 l - a ring of see invisible (right hand)
 D - an amulet of reflection (around neck)
 I - a ring of positive energy (left hand)
 N - a ring of wizardry
 P - a ring of ice
Wands
 E - a wand of flame (27)
 M - a wand of polymorph (10)
Scrolls
 j - a scroll of holy word
 n - 3 scrolls of fear {unknown}
 o - 2 scrolls of teleportation
 s - 2 scrolls of magic mapping {unknown}
 t - a scroll of vulnerability {unknown}
 v - a scroll of fog {unknown}
 x - 2 scrolls of enchant armour
 y - a scroll of enchant weapon {unknown}
 z - 2 scrolls of blinking {unknown}
 K - 4 scrolls of amnesia {unknown}
 O - 2 scrolls of noise
Potions
 m - 4 potions of curing
 p - 3 potions of degeneration {unknown}
 r - 2 potions of lignification
 u - a potion of cancellation {unknown}
 A - a potion of resistance {unknown}
 B - a potion of attraction {unknown}
 H - a potion of berserk rage {unknown}


   Skills:
 + Level 8.2 Fighting
 + Level 16.3 Polearms
 + Level 4.1 Throwing
 - Level 2.1 Armour
 - Level 3.0 Shields
 + Level 4.1 Evocations


You had 9 spell levels left.
You didn't know any spells.
Your spell library contained the following spells:

 Spells                   Type           Power      Damage    Failure   Level
 Animate Skeleton         Necr           0%         N/A       63%         1
 Freeze                   Ice            0%         1d3       63%         1
 Sting                    Tmut/Pois      0%         1d3       63%         1
 Summon Small Mammal      Summ           0%         N/A       63%         1
 Poisonous Vapours        Pois/Air       0%         N/A       77%         2
 Scorch                   Fire           0%         2d5       77%         2
 Dazzling Flash           Conj/Hex       0%         N/A       94%         3
 Frozen Ramparts          Ice            0%         1d2       94%         3
 Flame Wave               Conj/Fire      0%         2d4       100%        4
 Hailstorm                Conj/Ice       0%         3d3       100%        4
 Olgreb's Toxic Radiance  Pois           0%         N/A       100%        4
 Agony                    Necr           0%         N/A       100%        5
 Silence                  Hex/Air        0%         N/A       100%        5
 Summon Cactus Giant      Summ           0%         N/A       100%        6
 Summon Horrible Things   Summ           0%         N/A       100%        8
 Dragon's Call            Summ           0%         N/A       100%        9


Dungeon Overview and Level Annotations

Branches:
Dungeon (8/15)             Temple (1/1) D:7           Sewer (visited)
   Lair: D:8-11

Altars:
Ashenzari
Cheibriados
Dithmenos
Gozag
Hepliaklqana
Kikubaaqudgha
Makhleb
Nemelex Xobeh
Ru
Sif Muna
Trog
Uskayaw
Vehumet
Xom
Yredelemnul
The Shining One

Shops:
D:8 [


Innate Abilities, Weirdness & Mutations

Your life essence is reduced to manifest your ancestor. (-10% HP)
((You are quick and stealthy near water. (Stealth+, EV+, Speed+++)))
Your lower body shifts to a powerful aquatic tail in water.


Message History

The phantasmal warrior blinks!
The small abomination hits Mirna!!
Mirna hits the small abomination!
The phantasmal warrior misses you.
The small abomination closely misses Mirna.
Mirna hits the small abomination.
Something hits Mirna!
Mirna hits the small abomination.
The small abomination hits Mirna.
The small abomination hits Mirna!
Mirna is destroyed!
The phantasmal warrior gestures at you.
The phantasmal warrior blinks!
The phantasmal warrior hits you!
Found a scroll labelled CIMEUN BEM EDORPH.
You block the phantasmal warrior's attack.
The phantasmal warrior gestures at you.
The phantasmal warrior blinks!
The phantasmal warrior gestures at you.
The phantasmal warrior blinks!
The phantasmal warrior gestures at you.
The phantasmal warrior blinks!
The phantasmal warrior hits you! The phantasmal warrior hits you!!
* * * LOW HITPOINT WARNING * * *
Your willpower is stripped away!
You hear a screech!
You see here a scroll labelled CIMEUN BEM EDORPH.
K - 4 scrolls labelled CIMEUN BEM EDORPH (gained 1)
You block the phantasmal warrior's attack.
The phantasmal warrior gestures at you.
The phantasmal warrior blinks!
As you read the scroll of teleportation, it crumbles to dust.
You feel strangely unstable.
You feel the power of the Abyss delaying your translocation!
An orange demon comes into view.
The orange demon screeches!
The phantasmal warrior gestures at you.
The phantasmal warrior blinks!
You block the orange demon's attack. x2
The phantasmal warrior hits you!!
You die...

. .## ..#.##
..#.. ##
##.#.## ## #
###.......# #..
#.....##.##....
#.#.W.....##.#
#x#@#4X.# ..
ยง.
#.#x.##....# ..
#.#.####...#
..# #.#.#.##
.#. ..
##..#.###....#
...#.. . .. .#
##..# #....# ##
##.#.#.#.##..
### ##.... #


You could see a phantasmal warrior and a small abomination.

Vanquished Creatures
  Maggie (D:7)
  A demonic crawler (Abyss:2)
  Sigmund (D:5)
  2 wyverns (D:7)
  A steam dragon (D:7)
  A chaos spawn (Abyss:2)
  A neqoxec (Abyss:2)
  Edmund (D:5)
  Duvessa (D:7)
  A hell hound (Abyss:1)
  A water moccasin (D:6)
  An orc warrior (D:8)
  A large abomination (Abyss:2)
  A sky beast (D:7)
  A hornet zombie (D:8)
  2 ogres
  A phantom (D:6)
  8 kobold brigands
  A bullfrog (D:7)
  3 scorpions
  A wyvern zombie (D:8)
  2 water moccasin skeletons
  Dowan (D:7)
  5 wights (D:7)
  A howler monkey (D:3)
  4 hounds
  A centaur zombie (D:6)
  2 orc priests
  A centaur skeleton (D:7)
  3 iguanas
  Jessica (D:3)
  Terence (D:3)
  Ijyb (D:4)
  A hound zombie (D:5)
  12 gnolls
  15 adders
  4 river rats
  3 white imps (D:6)
  4 ufetubi
  5 worms
  4 dart slugs
  12 orcs
  8 ball pythons
  8 bats
  5 endoplasms
  4 giant cockroaches
  5 goblins
  6 hobgoblins
  5 jackals
  3 quokkas
  5 frilled lizards
  14 kobolds
  16 rats
  A spectral goblin (D:2)
195 creatures vanquished.

Vanquished Creatures (others)
  3 ancestors (Abyss:2)
  2 plants (Abyss:2)
  3 starspawn tentacles (Abyss:2)
8 creatures vanquished.

Grand Total: 203 creatures vanquished

Notes
Turn   | Place    | Note
-------+----------+-------------------------------------------
     0 | D:1      | bearlyready the Merfolk Fighter began the quest for the
                  | Orb.
     0 | D:1      | Reached XP level 1. HP: 18/18 MP: 1/1
   155 | D:1      | Reached skill level 4 in Polearms
   155 | D:1      | Reached XP level 2. HP: 24/24 MP: 2/2
   344 | D:1      | Reached skill level 5 in Polearms
   344 | D:1      | Reached XP level 3. HP: 20/29 MP: 3/3
  1371 | D:2      | Found a faded altar of an unknown god.
  1742 | D:2      | Reached skill level 6 in Polearms
  1821 | D:2      | Reached XP level 4. HP: 35/35 MP: 4/4
  2389 | D:3      | Reached skill level 7 in Polearms
  2411 | D:3      | Found a basalt altar of Yredelemnul.
  2488 | D:3      | Noticed Jessica
  2491 | D:3      | Killed Jessica
  2492 | D:3      | Reached XP level 5. HP: 41/41 MP: 5/5
  2550 | D:3      | Noticed Terence
  2555 | D:3      | Killed Terence
  2763 | D:3      | Reached skill level 8 in Polearms
  2826 | D:3      | Found a snail-covered altar of Cheibriados.
  2826 | D:3      | Noticed a torpor snail
  2826 | D:3      | Noticed a torpor snail
  2828 | D:3      | Noticed a torpor snail
  3281 | D:4      | Reached XP level 6. HP: 47/47 MP: 6/6
  3302 | D:4      | Reached skill level 9 in Polearms
  3324 | D:4      | Found a glowing drain.
  3331 | Sewer    | Entered a sewer
  3534 | Sewer    | Reached skill level 10 in Polearms
  3543 | Sewer    | Reached XP level 7. HP: 42/52 MP: 7/7
  3653 | Sewer    | Reached skill level 11 in Polearms
  3980 | Sewer    | Reached skill level 12 in Polearms
  4288 | D:4      | Reached XP level 8. HP: 58/58 MP: 8/8
  4308 | D:4      | Reached skill level 13 in Polearms
  4614 | D:4      | Noticed Ijyb
  4644 | D:4      | Killed Ijyb
  4880 | D:4      | Found a sacrificial altar of Ru.
  5251 | D:4      | Found a bloodstained altar of Trog.
  5317 | D:5      | Entered Level 5 of the Dungeon
  5543 | D:5      | Noticed Sigmund
  5559 | D:5      | Killed Sigmund
  5560 | D:5      | Reached skill level 14 in Polearms
  5566 | D:5      | Noticed Edmund
  5588 | D:5      | Killed Edmund
  5589 | D:5      | Reached skill level 5 in Fighting
  5662 | D:5      | Reached XP level 9. HP: 68/68 MP: 9/9
  6229 | D:6      | Reached skill level 15 in Polearms
  6734 | D:7      | Noticed Maggie
  6753 | D:7      | Killed Maggie
  6754 | D:7      | Reached skill level 1 in Throwing
  6754 | D:7      | Reached skill level 1 in Evocations
  7117 | D:7      | Found a sparkling altar of Nemelex Xobeh.
  7149 | D:7      | Found a staircase to the Ecumenical Temple.
  7166 | Temple   | Entered the Ecumenical Temple
  7229 | Temple   | Became a worshipper of Hepliaklqana the Forgotten
  7445 | D:7      | Found a radiant altar of Vehumet.
  7630 | D:7      | Noticed Duvessa
  7630 | D:7      | Noticed Dowan
  7641 | D:7      | Killed Duvessa
  7642 | D:7      | Reached XP level 10. HP: 67/80 MP: 10/10
  7645 | D:7      | Killed Dowan
  7792 | D:7      | Reached skill level 16 in Polearms
  7812 | D:8      | Found Baruq's Armour Shoppe.
  8115 | D:8      | Cast into level 1 of the Abyss (gnoll sergeant)
  8119 | Abyss:1  | Identified the +5 flail of Kindness {venom, Dex+2}
  8208 | Abyss:1  | Noticed a worldbinder
  8211 | Abyss:1  | Noticed a necromancer
  8768 | Abyss:2  | Noticed a starcursed mass
  8945 | Abyss:2  | Noticed an unseen horror
  8946 | Abyss:2  | Noticed an unseen horror
  8981 | Abyss:2  | Noticed a cane toad
  8981 | Abyss:2  | a shapeshifter changed into a cane toad
  8982 | Abyss:2  | Noticed a starcursed mass
  8984 | Abyss:2  | Got the Grimoire of Unholy Creation
  9003 | Abyss:2  | Reached * piety under Hepliaklqana
  9183 | Abyss:2  | Noticed a tentacled starspawn
  9195 | Abyss:2  | HP: 3/72 [tentacled starspawn (28)]
  9304 | Abyss:2  | Noticed a starcursed mass
  9321 | Abyss:2  | Noticed a phantasmal warrior
  9349 | Abyss:2  | Noticed an orange demon
  9353 | Abyss:2  | Slain by a phantasmal warrior

Illustrated notes

Levels and vault maps discovered:
D:1:      lemuel_arrival_tunnels, layout_loops_corners, minmay_three_crescents
D:2:      layout_basic, dreamdust_ecumenical_altar_drowned_temple
D:3:      layout_basic, cheibriados_altar_2, lemuel_tele_altar,
          kennysheep_pointless_box, hangedman_feature_mirror,
          grunt_decor_mini_mirrors, uniq_terence, uniq_jessica
D:4:      layout_loops_ring, trog_butcher_becter, mainiacjoe_overflow_alcove_4,
          lightli_sewer_entry_pipes, hangedman_abyss_or_decor_lesser_grid,
          uniq_ijyb
D:5:      layout_loops_ring, st_stairs_13, uniq_sigmund, uniq_edmund
D:6:      layout_rooms
D:7:      layout_loops_ring, mainiacjoe_overflow_surrounded_room,
          mainiacjoe_overflow_catwalk, minmay_temple_entry_grid, uniq_maggie,
          uniq_duvessa
D:8:      layout_rooms, minitemple, serial_shops, nicolae_shop_hallway_stairs,
          nicolae_shop_hallway_stairs, kennysheep_generic_room_13,
          uniq_prince_ribbit1
Temple:   zaba_magenta_temple
Abyss:2:  base: D:7, base: D:2, evilmike_abyss_exit_13, minivault_25,
          minivault_20, hangedman_decor_lopped, hangedman_glass_garden,
          lemuel_flamethrower_hall, hangedman_decor_riveting, minivault_13

Skill      XL: |  1  2  3  4  5  6  7  8  9 10 |
---------------+-------------------------------+-----
Polearms       | 4 5 6 7 8 10 12 14 15 16 | 16.3
Fighting       | 5 7 8 |  8.2
Throwing       | 3 4 |  4.1
Evocations     | 3 4 |  4.1
Armour         | |  2.1
Shields        | |  3.0

Action                   |  1- 3 |  4- 6 |  7- 9 | 10-12 || total
-------------------------+-------+-------+-------+-------++-------
Melee: Trident           |    25 |       |       |    23 ||    48
       Spear             |    72 |   146 |   467 |    97 ||   782
       Tailslap          |       |    10 |     9 |       ||    19
Throw: Stone             |       |     3 |       |       ||     3
Invok: Ancestor Identity |       |       |       |     1 ||     1
  Use: Potion            |       |       |     1 |     5 ||     6
       Scroll            |       |       |       |    10 ||    10
 Stab: Distracted        |       |       |       |     2 ||     2
Armor: Scale mail        |    31 |    26 |    17 |       ||    74
       Ring mail         |       |       |    43 |    19 ||    62
Dodge: Dodged            |    40 |    29 |    82 |    26 ||   177
Block: Buckler           |    14 |    14 |    61 |    35 ||   124
       Reflection        |       |       |     1 |       ||     1

Table legend: (Time is in decaauts)
 A = Elapsed time spent in this place.
 B = Non-inter-level travel time spent in this place.
 C = Inter-level travel time spent in this place.
 D = Time resting spent in this place.
 E = Time spent auto-exploring this place.
 F = Levels seen in this place.
 G = Mean time per level.
                   A        B        C        D        E       F      G
               +--------+--------+--------+--------+--------+-----+--------+
         Total |   8875 |   8643 |    232 |    938 |   6197 |  12 |  739.6 |
       Dungeon |   6829 |   6613 |    216 |    421 |   5170 |   8 |  853.6 |
        Temple |     80 |     64 |     16 |      0 |     50 |   1 |   80.0 |
         Abyss |   1212 |   1212 |      0 |    517 |    378 |   2 |  606.0 |
         Sewer |    752 |    752 |      0 |      0 |    599 |   1 |  752.0 |
               +--------+--------+--------+--------+--------+-----+--------+

Top non-repeatable levels by time:
     D:1: 1360 daAuts
     D:4: 1125 daAuts
 Abyss:2: 1122 daAuts
     D:7: 1118 daAuts
     D:2: 959 daAuts
     D:3: 836 daAuts
     D:5: 781 daAuts
   Sewer: 752 daAuts
     D:6: 561 daAuts
 Abyss:1: 90 daAuts
     D:8: 85 daAuts
  Temple: 80 daAuts
